 Dungeon Crawl Stone Soup version 0.23-a0-436-g57debff (webtiles) character file.

573 Azzok the Firebug (level 7, 46/46 HPs)
             Began as a Demonspawn Fire Elementalist on Nov 16, 2018.
             Was an Initiate of Vehumet.
             Quit the game on level 4 of the Dungeon.
             The game lasted 00:07:18 (4958 turns).

Azzok the Firebug (Demonspawn Fire Elementalist)    Turns: 4958, Time: 00:07:19

Health: 46/46      AC:  5    Str:  8    XL:     7   Next: 12%
Magic:  4/12       EV: 12    Int: 18    God:    Vehumet [......]
Gold:   163        SH:  0    Dex: 14    Spells: 5/13 levels left

rFire    . . .     SeeInvis .   n - +0 whip (elec)
rCold    . . .     Gourm    .   (no shield)
rNeg     . . .     Faith    .   a - +0 robe
rPois    .         Spirit   .   (no helmet)
rElec    .         Reflect  .   f - +0 cloak
rCorr    .         Harm     .   (no gloves)
MR       .....                  (no boots)
Stlth    ++........             (no amulet)
HPRegen  0.15/turn              (no ring)
MPRegen  0.13/turn              (no ring)

@: no status effects
A: yellow scales 1, spiny 1
a: Renounce Religion


You were on level 4 of the Dungeon.
You worshipped Vehumet.
Vehumet was noncommittal.
You were not hungry.

You visited 1 branch of the dungeon, and saw 4 of its levels.

You collected 163 gold pieces.

Inventory:

Hand Weapons
 n - a +0 whip of electrocution (weapon)
Armour
 a - a +0 robe (worn)
 f - a +0 cloak (worn)
 l - a scarf of cloud immunity
Wands
 k - a wand of iceblast (12)
Scrolls
 b - 5 scrolls of identify {unknown}
 d - a scroll of amnesia {unknown}
 e - a scroll of teleportation {unknown}
 h - a scroll of magic mapping {unknown}
 o - a scroll of enchant weapon {unknown}
 p - a scroll of enchant armour {unknown}
Potions
 g - a potion of mutation {unknown}
 j - a potion of ambrosia {unknown}
 m - a potion of flight {unknown}
Comestibles
 c - 11 rations
 i - 2 chunks of flesh


   Skills:
 - Level 1.7 Dodging
 - Level 1.7 Stealth
 + Level 3.6 Spellcasting
 + Level 4.8 Conjurations
 + Level 5.1 Fire Magic


You had 5 spell levels left.
You knew the following spells:

 Your Spells              Type           Power        Failure   Level  Hunger
a - Flame Tongue          Conj/Fire      ###..        1%          1    None
b - Conjure Flame         Conj/Fire      ###.....     6%          3    ###....
c - Sticky Flame          Conj/Fire      ###.....     21%         4    ####...

Your spell library contained the following spells:

 Spells                   Type           Power        Failure   Level  Hunger
 Magic Dart               Conj           ###.         2%          1    None
 Throw Flame              Conj/Fire      ###...       3%          2    ##.....
 Inner Flame              Hex/Fire       ##......     16%         3    ###....
 Blink                    Tloc           N/A          24%         2    ##.....
 Call Imp                 Summ           #.......     24%         2    ##.....
 Slow                     Hex            #.......     24%         2    ##.....
 Mephitic Cloud           Conj/Pois/Air  #.......     24%         3    ###....
 Fireball                 Conj/Fire      ###.......   50%         5    ######.


Dungeon Overview and Level Annotations

Branches:
Dungeon (4/15)
 Temple: D:4-7

Altars:
Gozag
Okawaru
Qazlal
Vehumet
Xom


Innate Abilities, Weirdness & Mutations

You are partially covered in yellow scales. (AC +2)
You are partially covered in sharp spines.


Message History

The ogre is moderately wounded.
Casting: Flame Tongue (safe; 2% risk of failure)
Confirm with . or Enter, or press ? or * to list all spells.
Aiming: Flame Tongue (safe; 2% risk of failure)
Press: ? - help, Shift-Dir - straight line, f/p - ogre
Aim: an ogre, wielding a +0 giant club (moderately wounded)
The flame tongue hits the ogre.
The ogre is heavily wounded.
Casting: Flame Tongue (safe; 2% risk of failure)
Confirm with . or Enter, or press ? or * to list all spells.
Aiming: Flame Tongue (safe; 2% risk of failure)
Press: ? - help, Shift-Dir - straight line, f/p - ogre
Aim: an ogre, wielding a +0 giant club (heavily wounded)
The flame tongue hits the ogre.
You kill the ogre!
Vehumet accepts your kill.
You have reached level 7!
Your demonic ancestry asserts itself...
Sharp spines emerge from parts of your body.
Are you sure you want to abandon this character and quit the game? (Confirm

············▒▒▒·▒▒▒▒▒
··▒▒'▒▒··············
▒▒··············▒·▒▒▒
▒·······▒········▒
▒···)†·····▒▒▒▒▒·▒
▒··········▒ ▒·▒
▒····)·····▒ ▒·▒
▒······[▒··▒ ▒·▒
▒··@····▒·>▒ ▒·▒
▒·······▒▒▒▒ ▒·▒
▒·······▒ ▒·▒
▒·······▒▒▒▒▒▒▒▒·▒▒▒
▒···················
▒▒▒'▒▒▒▒▒·▒▒▒▒▒▒▒▒▒▒
▒▒▒▒▒▒▒▒▒▒▒▒·▒▒▒▒▒·▒
···················▒
▒▒▒▒▒▒▒▒···▒·♣·♣·▒·▒


There were no monsters in sight!

Vanquished Creatures
  An ogre (D:4)
  A phantom (D:3)
  A scorpion (D:2)
  Crazy Yiuf (D:3)
  Terence (D:3)
  An orc wizard (D:4)
  5 adders
  11 gnolls
  4 oozes
  7 leopard geckos
  6 orcs
  6 giant cockroaches
  9 goblins
  6 hobgoblins
  11 jackals
  3 ball pythons (D:2)
  12 bats
  4 frilled lizards
  7 kobolds
  10 rats
107 creatures vanquished.

Notes
Turn   | Place    | Note
-------+----------+-------------------------------------------
     0 | D:1      | Azzok the Demonspawn Fire Elementalist began the quest for
                  | the Orb.
     0 | D:1      | Reached XP level 1. HP: 13/13 MP: 3/3
   104 | D:1      | Reached skill level 3 in Fire Magic
   104 | D:1      | Gained mutation: You are partially covered in yellow
                  | scales. (AC +2) [demonic ancestry]
   104 | D:1      | Reached XP level 2. HP: 17/19 MP: 0/5
   716 | D:1      | Reached XP level 3. HP: 24/24 MP: 3/6
  1772 | D:2      | Found a shimmering altar of Xom.
  1812 | D:2      | Reached XP level 4. HP: 28/30 MP: 1/7
  2206 | D:2      | Reached skill level 4 in Fire Magic
  2807 | D:2      | Found a faded altar of an unknown god.
  2880 | D:2      | Learned a level 3 spell: Conjure Flame
  2942 | D:2      | Reached XP level 5. HP: 30/35 MP: 0/8
  3092 | D:2      | Learned a level 4 spell: Sticky Flame
  3182 | D:2      | Noticed a centaur
  3309 | D:3      | Found a stormy altar of Qazlal.
  3814 | D:3      | Reached XP level 6. HP: 40/41 MP: 2/10
  3894 | D:3      | Found a radiant altar of Vehumet.
  3907 | D:3      | Became a worshipper of Vehumet
  3933 | D:3      | Noticed Terence
  3948 | D:3      | Killed Terence
  4051 | D:3      | Found an opulent altar of Gozag.
  4123 | D:3      | Found a runed door.
  4261 | D:3      | Noticed Crazy Yiuf
  4270 | D:3      | Killed Crazy Yiuf
  4812 | D:4      | Reached skill level 5 in Fire Magic
  4908 | D:4      | Found an iron altar of Okawaru.
  4957 | D:4      | Gained mutation: You are partially covered in sharp spines.
                  | [demonic ancestry]
  4957 | D:4      | Reached XP level 7. HP: 46/46 MP: 4/12
  4958 | D:4      | Quit the game

Vault maps used:
D:1:      tarquinn_simple_flora_water_d, serial_forest,
          infiniplex_forest_clump_large, infiniplex_forest_straight_2,
          infiniplex_forest_zigzag_1, infiniplex_forest_clump_curved,
          infiniplex_forest_lined_3, infiniplex_forest_clump_long,
          infiniplex_forest_end_1, infiniplex_forest_straight_1
D:2:      nicolae_overflow_hidden_temple, chequers_ecumenical_altar_twisty,
          corexii_item_surrounded_by_moat, lightli_corner_chamber
D:3:      grunt_qazlal_clouds, vehumet_crystals, first_ration,
          grunt_gozag_breadcrumbs, uniq_terence, uniq_crazy_yiuf_cottage
D:4:      okawaru_trees_1, serial_shops, kennysheep_mini

Skill      XL: |  1  2  3  4  5  6 |
---------------+-------------------+-----
Fire Magic     | 3 4 5 |  5.1
Conjurations   | 2 3 4 |  4.8
Spellcasting   | 3 |  3.6
Dodging        | |  1.7
Stealth        | |  1.7

Action                   |  1- 3 |  4- 6 |  7- 9 || total
-------------------------+-------+-------+-------++-------
Melee: Unarmed           |     9 |     6 |       ||    15
       Quarterstaff      |       |     8 |       ||     8
 Cast: Flame Tongue      |    76 |   142 |     1 ||   219
       Conjure Flame     |       |     4 |       ||     4
       Sticky Flame      |       |     1 |       ||     1
  Eat: Chunk             |     4 |    11 |       ||    15
Armor: Robe              |    36 |    28 |       ||    64
Dodge: Dodged            |    58 |    36 |       ||    94

Table legend:
 A = Non-vault XP
 B = Vault XP
 C = Vault XP percentage of total XP
 D = Non-vault monster count
 E = Vault monster count
 F = Vault count percentage of total count
                 A         B        C        D         E       F
            +---------+---------+-------+---------+---------+-------
      Total |     743 |      76 |   9.3 |     105 |       2 |   1.9
            +---------+---------+-------+---------+---------+-------
        D:1 |      69 |       0 |   0.0 |      33 |       0 |   0.0
        D:2 |     217 |       0 |   0.0 |      35 |       0 |   0.0
        D:3 |     228 |      76 |  25.0 |      25 |       2 |   7.4
        D:4 |     229 |       0 |   0.0 |      12 |       0 |   0.0
            +---------+---------+-------+---------+---------+-------
